 Dungeon Crawl Stone Soup version 0.29.1-12-g30fa7ad0bf (webtiles) character file.

Game seed: 14141789864771098391

594 cheesebisquit the Cudgeller (level 7, 0/61 HPs)
             Began as a Minotaur Berserker on Dec 23, 2022.
             Was a Believer of Trog.
             Slain by a lemure (3 damage)
             ... led by Pikel
             ... on level 4 of the Dungeon.
             The game lasted 00:12:40 (4399 turns).

cheesebisquit the Cudgeller (Minotaur Berserker)    Turns: 4399, Time: 00:12:41

Health: 0/61       AC:  9    Str: 23    XL:     7   Next: 16%
Magic:  6/6        EV:  9    Int:  4    God:    Trog [**....]
Gold:   177        SH:  0    Dex: 10    Spells: 6/6 levels left

rFire   . . .      SeeInvis .   a - +0 mace
rCold   . . .      Faith    .   (no shield)
rNeg    . . .      Spirit   .   x - +0 chain mail
rPois   .          Reflect  .   (helmet restricted)
rElec   .          Harm     .   (no cloak)
rCorr   .          Rampage  .   (no gloves)
Will    +....                   (no boots)
Stlth   ..........              (no amulet)
HPRegen 0.20/turn               g - ring of willpower
MPRegen 0.10/turn               (no ring)

@: confused
A: horns 2, retaliatory headbutt
a: Renounce Religion, Berserk, Trog's Hand


You were on level 4 of the Dungeon.
You worshipped Trog.
Trog was pleased with you.
You visited 1 branch of the dungeon, and saw 4 of its levels.

You collected 177 gold pieces.

Inventory:

Hand Weapons
 a - a +0 mace (weapon)
 b - a +0 sling
Missiles
 e - 14 stones
 i - 3 poisoned darts (quivered)
 n - 2 throwing nets
Armour
 f - a +0 leather armour
 q - a +0 animal skin
 r - a +0 ring mail
 x - a +0 chain mail (worn)
Jewellery
 g - a ring of willpower (left hand)
 p - a ring of fire
Scrolls
 c - a scroll of vulnerability
 k - 2 scrolls of magic mapping
 l - a scroll of enchant armour {unknown}
 v - 2 scrolls of butterflies {unknown}
Potions
 d - a potion of cancellation
 h - 2 potions of curing
 j - a potion of attraction
 m - a potion of heal wounds {unknown}
 s - a potion of magic {unknown}
 t - a potion of berserk rage {unknown}
 u - a potion of flight {unknown}
 w - a potion of lignification {unknown}


   Skills:
 - Level 5.3 Fighting
 + Level 7.3 Maces & Flails
 - Level 4.5 Armour
 - Level 4.0 Dodging


You had 6 spell levels left.
You didn't know any spells.
Your spell library was empty.

Dungeon Overview and Level Annotations

Branches:
Dungeon (4/15)
 Temple: D:4-7

Altars:

Annotations:
D:4 Pikel


Innate Abilities, Weirdness & Mutations

You have a pair of horns on your head.
You reflexively headbutt those who attack you in melee.


Message History

You closely miss Pikel. You headbutt Pikel, but do no damage.
Pikel is lightly wounded.
The lemure hits you but does no damage. The lemure hits you.
Pikel hits you with a +2 whip of flaming!
* * * LOW HITPOINT WARNING * * *
Pikel burns you.
* * * LOW HITPOINT WARNING * * *
Okay, then.
You feel better. The lemure completely misses you.
The lemure closely misses you.
Pikel zaps a wand.
You resist with almost no effort.
You feel better.
Your skin stops crawling.
You feel less strong-willed. The lemure barely misses you. The lemure hits you.
Pikel hits you with a +2 whip of flaming.
Pikel burns you.
You feel better. The lemure hits you but does no damage.
The lemure closely misses you. You furiously retaliate!
You headbutt the lemure.
Pikel zaps a wand.
You resist with almost no effort. The lemure hits you!
The lemure hits you but does no damage.
Pikel says, "Hell isn't that bad."
Pikel hits you with a +2 whip of flaming.
Pikel burns you.
You climb downwards.
You recover from your berserk rage.
The lemure hits you but does no damage. The lemure hits you.
* * * LOW HITPOINT WARNING * * *
The lemure hits you!
* * * LOW HITPOINT WARNING * * *
The lemure hits you but does no damage.
There is a stone staircase leading up here.
The lemure hits you but does no damage. The lemure misses you.
You furiously retaliate!
You headbutt the lemure! The lemure hits you.
* * * LOW HITPOINT WARNING * * *
The lemure barely misses you.
Pikel zaps a wand.
Your will is overpowered!
You are confused.
In your confused state, you trip and fall back down the stairs.
* * * LOW HITPOINT WARNING * * *
The lemure hits you but does no damage. The lemure hits you.
You die...

....#*,,,,,,*,,,,,,....,,,..,,,,,
.....,,,,,,**...,,......,,,,,,,,,
#..,,,,,,,,,##..,,......,,,,,,,,,
**.,,,,,,,,**...##......,,,,,,,,,
*,,,,,,,,,,**#..........,,,,,,,,,
.,,,,,,,,.,**#..........,,,,,,,,,
#.,,>,,,,...##..[.......,,,,,,,,,
*,,,,,,**.......55......,,,,,,,,,
**,,*,,**,,,*#.5@..?....,,,,,,,,*
*,,,*,,**,,,,#..K5......,,,*****,
*,,,,,***,,#.........o..,*,******
**,,,,,**,*##..♣~~o♣~♣~♣,,,*,,,,,
**,*,,,,,,,~P~~~PP~~*P~♣*~*~,,,,,
,,,,*,,,,*♣♣~♣♣PPP~~~~P~*~~~~**,,
,,,,,,,,~~~P~~~P~≈≈≈≈~~~~~~~*****
,,,,,,,,**~~*~~♣~~≈≈≈≈≈~~~~~~~~~*
*,*,**,~*~~~~*~~~~~~~~~~~~~~~*~~*


You could see Pikel, 4 lemures, an orc wizard and an orc.

Vanquished Creatures
  Grinder (D:3)
  Duvessa (D:3)
  An ogre (D:4)
  Dowan (D:3)
  Robin (D:3)
  8 adders
  A worm (D:2)
  2 dart slugs (D:1)
  9 ball pythons
  10 bats
  5 endoplasms
  A giant cockroach (D:1)
  10 goblins
  8 hobgoblins
  6 jackals (D:2)
  A quokka (D:1)
  5 frilled lizards
  7 kobolds
  5 rats
83 creatures vanquished.

Vanquished Creatures (others)
  A plant (D:4)
1 creature vanquished.

Grand Total: 84 creatures vanquished

Notes
Turn   | Place    | Note
-------+----------+-------------------------------------------
     0 | D:1      | cheesebisquit the Minotaur Berserker began the quest for
                  | the Orb.
     0 | D:1      | Reached XP level 1. HP: 19/19 MP: 0/0
   192 | D:1      | Found a faded altar of an unknown god.
   209 | D:1      | Reached XP level 2. HP: 14/27 MP: 1/1
   817 | D:1      | Reached skill level 4 in Maces & Flails
  1097 | D:1      | Reached XP level 3. HP: 33/33 MP: 2/2
  1109 | D:1      | Reached ** piety under Trog
  1912 | D:2      | Reached XP level 4. HP: 30/41 MP: 3/3
  3006 | D:3      | Noticed Robin
  3316 | D:3      | Killed Robin
  3317 | D:3      | Reached XP level 5. HP: 47/47 MP: 4/4
  3742 | D:3      | Noticed Grinder
  3747 | D:3      | Killed Grinder
  3748 | D:3      | Reached skill level 5 in Fighting
  3748 | D:3      | Reached skill level 5 in Maces & Flails
  3748 | D:3      | Reached XP level 6. HP: 56/56 MP: 5/5
  4146 | D:4      | Reached skill level 6 in Maces & Flails
  4346 | D:4      | Noticed Dowan
  4346 | D:4      | Noticed Duvessa
  4358 | D:3      | Killed Duvessa
  4359 | D:3      | Reached skill level 7 in Maces & Flails
  4359 | D:3      | Reached XP level 7. HP: 61/61 MP: 6/6
  4363 | D:3      | Killed Dowan
  4382 | D:4      | Noticed Pikel
  4398 | D:4      | HP: 3/61 [lemure[Pikel] (5)]
  4399 | D:4      | Slain by a lemure

Illustrated notes

Levels and vault maps discovered:
D:1:      wheals_arrival_linesprint, layout_basic,
          shapermc_ecumenical_altar_venn
D:2:      layout_loops_corners
D:3:      layout_basic, uniq_robin, uniq_grinder
D:4:      layout_cave_pools, nrook_uturn, hangedman_abyss_or_decor_lesser_grid,
          serial_bayou_lake_a, uniq_ijyb, uniq_duvessa, uniq_crazy_yiuf_cottage,
          uniq_pikel

Skill      XL: |  1  2  3  4  5  6 |
---------------+-------------------+-----
Fighting       | 4 5 |  5.3
Armour         | 3 4 |  4.5
Maces & Flails | 4 5 7 |  7.3
Dodging        | 3 4 |  4.0

Action                   |  1- 3 |  4- 6 |  7- 9 || total
-------------------------+-------+-------+-------++-------
Melee: Mace              |    92 |   102 |    11 ||   205
       Headbutt          |     7 |     9 |     3 ||    19
       Punch             |     1 |     1 |       ||     2
Invok: Berserk           |       |     5 |       ||     5
       Trog's Hand       |       |     4 |     1 ||     5
  Use: Scroll            |       |     6 |       ||     6
       Potion            |       |       |     4 ||     4
 Stab: Sleeping          |       |     1 |       ||     1
Armor: Animal skin       |     2 |       |       ||     2
       Leather armour    |    13 |    24 |       ||    37
       Chain mail        |       |     7 |    20 ||    27
       Ring mail         |       |     7 |       ||     7
Dodge: Dodged            |    63 |    82 |    15 ||   160
